 Dungeon Crawl Stone Soup version 0.26.1-11-gd32895ea62 (webtiles) character file.

Game seed: 767526699082839727

163 Felido the Slasher (level 5, -17/48 HPs)
             Began as a Naga Warper on June 27, 2021.
             Was a Follower of Ashenzari.
             Demolished by an ogre
             ... wielding a +0 giant club
              (20 damage)
             ... on level 4 of the Dungeon.
             The game lasted 00:07:17 (4947 turns).

Felido the Slasher (Naga Warper)                    Turns: 4947, Time: 00:07:18

Health: -17/48     AC:  5    Str: 15    XL:     5   Next: 44%
Magic:  8/8        EV:  9    Int: 13    God:    Ashenzari [*.....]
Gold:   66         SH:  0    Dex: 10    Spells: 6/8 levels left

rFire    + . .     SeeInvis +   a - +0 falchion (curse)
rCold    . . .     Faith    .   (no shield)
rNeg     . . .     Spirit   .   n - +0 ring mail {rC+}
rPois    +         Reflect  .   (no helmet)
rElec    .         Harm     .   (no cloak)
rCorr    .         Rampage  .   g - +0 pair of gloves (curse)
Will     .....                  (no barding)
Stlth    +.........             (no amulet)
HPRegen  0.16/turn              j - ring of fire
MPRegen  0.11/turn              (no ring)

@: very slow
A: large, see invisible, deformed body, poison resistance, slowness 2, spit
poison 1, AC +1
a: Spit Poison, Renounce Religion, Curse Item, Scrying


You were on level 4 of the Dungeon.
You worshipped Ashenzari.
Ashenzari was aware of your devotion.
You visited 1 branch of the dungeon, and saw 4 of its levels.

You collected 66 gold pieces.

Inventory:

Hand Weapons
 a - a cursed +0 falchion (weapon)
Missiles
 e - 4 boomerangs of dispersal (quivered)
Armour
 b - a +0 leather armour
 g - a cursed +0 pair of gloves (worn)
 n - a +0 ring mail of cold resistance (worn)
Magical Staves
 i - an uncursed staff of death
Jewellery
 j - a ring of fire (left hand)
Wands
 q - a wand of random effects (18)
Scrolls
 c - 3 scrolls of teleportation
 d - 2 scrolls of blinking
 f - a scroll of amnesia
 h - 2 scrolls of magic mapping
 l - a scroll of fear
 m - a scroll of immolation
Potions
 k - 2 potions of curing
 o - a potion of degeneration {unknown}
 p - 2 potions of cancellation {unknown}
 r - a potion of heal wounds {unknown}


   Skills:
 + Level 2.8 Fighting
 + Level 3.9 Long Blades
 + Level 0.8 Throwing
 + Level 1.8 Armour
 + Level 2.0 Dodging
 + Level 0.5 Stealth
 + Level 2.0 Spellcasting
 + Level 3.2 Translocations


You had 6 spell levels left.
You knew the following spells:

 Your Spells              Type           Power        Failure   Level
a - Blink                 Tloc           N/A          19%         2

Your spell library contained the following spells:

 Spells                   Type           Power        Failure   Level
 Gell's Gravitas          Tloc           4%           36%         3
 Lesser Beckoning         Tloc           4%           36%         3
 Teleport Other           Tloc           9%           36%         3
 Passage of Golubria      Tloc           N/A          77%         4


Dungeon Overview and Level Annotations

Branches:
Dungeon (4/15)
 Temple: D:4-7

Altars:
Ashenzari
Makhleb
Trog
Vehumet
Yredelemnul
The Shining One


Innate Abilities, Weirdness & Mutations

You cannot wear boots.
Your serpentine skin is tough. (AC +1)
You have supernaturally acute eyesight. (SInv)
Armour fits poorly on your strangely shaped body.
Your system is resistant to poisons. (rPois)
You cover ground very slowly.
You can spit poison.


Message History

The orc wizard hits you but does no damage.
You miss the orc wizard. The orc wizard casts a spell at you.
You resist with some effort.
You bump into the rock wall.
The orc wizard hits you but does no damage.
The ogre hits you with a +0 giant club!
You bump into the rock wall.
The orc wizard hits you but does no damage.
You hit the orc wizard but do no damage.
You feel less confused. The ogre hits you with a +0 giant club.
* * * LOW HITPOINT WARNING * * *
The orc wizard hits you but does no damage.
You barely miss the orc wizard. The ogre hits you with a +0 giant club!
* * * LOW HITPOINT WARNING * * *
The orc wizard hits you but does no damage.
You completely miss the orc wizard.
The ogre hits you with a +0 giant club!!
You die...

#.# #.# #.#
.##..#.# ....#.#
#o.o#.# #...#.#
#.o.#O# #...#@#
####..{#o######
.....o.oo.......
#####.##.#######
# .... #..##
#... ##..# ..#


You could see an ogre, 2 orc wizards and an orc.

Vanquished Creatures
  Jessica (D:3)
  6 adders
  An ooze (D:1)
  2 worms
  A dart slug (D:1)
  3 leopard geckos
  An orc (D:4)
  2 giant cockroaches (D:1)
  7 goblins
  6 hobgoblins
  10 kobolds
  2 quokkas (D:2)
  4 ball pythons
  10 bats
  6 frilled lizards
  7 rats
69 creatures vanquished.

Notes
Turn   | Place    | Note
-------+----------+-------------------------------------------
     0 | D:1      | Felido the Naga Warper began the quest for the Orb.
     0 | D:1      | Reached XP level 1. HP: 19/19 MP: 3/3
   313 | D:1      | Reached XP level 2. HP: 9/26 MP: 5/5
   319 | D:1      | Learned a level 2 spell: Blink
   892 | D:1      | Reached XP level 3. HP: 32/32 MP: 6/6
   903 | D:1      | Reached skill level 1 in Armour
  1344 | D:2      | Found a faded altar of an unknown god.
  1390 | D:2      | HP: 1/32 [worm (11)]
  1848 | D:2      | Became a worshipper of Ashenzari the Shackled
  1848 | D:2      | Reached * piety under Ashenzari
  2020 | D:2      | Found a bloodstained altar of Trog.
  2300 | D:2      | Found a basalt altar of Yredelemnul.
  2336 | D:2      | Reached XP level 4. HP: 25/40 MP: 7/7
  2993 | D:2      | Found a burning altar of Makhleb.
  2993 | D:2      | Found a radiant altar of Vehumet.
  3677 | D:3      | Reached XP level 5. HP: 20/46 MP: 8/8
  4453 | D:3      | Noticed Jessica
  4455 | D:3      | Killed Jessica
  4599 | D:3      | Found a glowing golden altar of the Shining One.
  4933 | D:4      | Noticed an ogre
  4947 | D:4      | Demolished by an ogre

Illustrated notes

Levels and vault maps discovered:
D:1:      giann_bridges, layout_rooms
D:2:      layout_loops_corners, grunt_temple_overflow_open,
          nicolae_overflow_crystal_walls, old_standard_altar,
          chequers_ecumenical_altar_island, minmay_hexomino_u4
D:3:      layout_loops_corners, nicolae_tso_carved_into_rock, uniq_jessica
D:4:      layout_basic, minmay_temple_entry_fiery, cheibrodos_gnoll_hut

Skill      XL: |  1  2  3  4  5 |
---------------+----------------+-----
Armour         | 1 |  1.8
Long Blades    | 3 |  3.9
Dodging        | 2 |  2.0
Fighting       | |  2.8
Throwing       | |  0.8
Stealth        | |  0.5
Spellcasting   | |  2.0
Translocations | |  3.2

Action                   |  1- 3 |  4- 6 || total
-------------------------+-------+-------++-------
Melee: Falchion          |   126 |   121 ||   247
Throw: Boomerang         |       |     1 ||     1
 Cast: Blink             |     2 |       ||     2
Invok: Curse Item        |       |     2 ||     2
  Use: Scroll            |     5 |     1 ||     6
       Potion            |     2 |     1 ||     3
Armor: Leather armour    |    42 |     7 ||    49
       Ring mail         |       |    44 ||    44
Dodge: Dodged            |    75 |    78 ||   153
       Rpst.: Falchion   |    26 |    27 ||    53
